 Dungeon Crawl Stone Soup version 0.19.1 (webtiles) character file.

87 sepiko the Distorting Draconian (level 4, 0/38 HPs)
             Began as a Draconian Abyssal Knight on Dec 9, 2016.
             Was a Believer of Lugonu.
             Succumbed to a worker ant's poison
             ... on level 2 of the Dungeon.
             The game lasted 00:04:40 (2650 turns).

sepiko the Distorting Draconian (DrAK)              Turns: 2650, Time: 00:04:40

Health: 0/38       AC:  6    Str: 15    XL:     4   Next: 28%
Magic:  6/6        EV: 12    Int: 12    God:    Lugonu [**....]
Gold:   187        SH:  0    Dex: 11    Spells: 0 memorised, 3 levels left

rFire  . . .     SeeInvis .     a - +1 falchion
rCold  . . .     Gourm    .     (armour unavailable)
rNeg   . . .     Faith    .     (no shield)
rPois  .         Spirit   .     (helmet restricted)
rElec  .         Reflect  .     n - +0 cloak
rCorr  .         Harm     .     (no gloves)
MR     .....                    (no boots)
Stlth  +.........               (no amulet)
                                (no ring)
                                (no ring)

@: lethally poisoned (0 -> -4)
A: unfitting armour, cold-blooded, AC +5
a: Depart the Abyss, Bend Space, Renounce Religion


You were on level 2 of the Dungeon.
You worshipped Lugonu.
Lugonu was pleased with you.
You were not hungry.

You visited 1 branch of the dungeon, and saw 3 of its levels.
You visited the Abyss 1 time.

You collected 187 gold pieces.

Inventory:

Hand Weapons
 a - a +1 falchion (weapon)
Armour
 n - a +0 cloak (worn)
Jewellery
 m - a cursed ring of loudness {unknown}
Scrolls
 c - 2 scrolls of identify {unknown}
 d - a scroll of fog {unknown}
 e - a scroll of remove curse {unknown}
 h - a scroll of recharging {unknown}
 p - a scroll of immolation {unknown}
Potions
 f - 3 potions of heal wounds {unknown}
 g - a potion of resistance {unknown}
 j - a potion of mutation {unknown}
 o - a potion of curing {unknown}
 q - a potion of haste {unknown}
Comestibles
 b - 2 bread rations
 i - 2 beef jerkies
 k - 2 meat rations


   Skills:
 - Level 3.2 Fighting
 + Level 3.3 Long Blades
 - Level 2.1 Dodging
 + Level 3.9 Invocations


You had 3 spell levels left.
You didn't know any spells.

Dungeon Overview and Level Annotations

Branches:
Dungeon (3/15)

Altars:
Ashenzari

Annotations:
D:3 jdrake7766's ghost, amateur OgBe


Innate Abilities, Weirdness & Mutations

Your plain brown scales are hard. (AC +5)
You cannot fit into any form of body armour.
You are cold-blooded and may be slowed by cold attacks.


Message History

The worker ant is almost dead.
You barely miss the worker ant.
The worker ant is almost dead.
You feel sick. The worker ant bites you.
* * * LOW HITPOINT WARNING * * *
The worker ant misses you.
You riposte.
You closely miss the worker ant.
The worker ant is almost dead.
You closely miss the worker ant.
The worker ant is almost dead.
The worker ant bites you!
* * * LOW HITPOINT WARNING * * *
You barely miss the worker ant.
You tail-slap the worker ant, but do no damage.
The worker ant is almost dead.
* * * LOW HITPOINT WARNING * * *
You feel sick. The worker ant bites you.
* * * LOW HITPOINT WARNING * * *
You barely miss the worker ant.
The worker ant is almost dead.
You die...

#.#.......#....##...#.#####....
#.#.......#....................
#.#............................
#.#.......##.#.##...#####......
#.#.................#####.#.#..
#.#............................
#.#.....).##.#.##...#.###.#.#..
#...................#.###.#.#..
#.##.#.#.#.#.#@##...#....(#.#..
#.##.#.......a>...........#.#..
#.##(#.#.......................
#.##.#.##..###.##..............
##.......#..###.##...#.....#.#..
#..........................###..
#.###.#..#..###.##...#.....###..
##.##<.#..#.)............).......
..............##.##...#.....###..


You could see a worker ant.

Vanquished Creatures
  2 adders (D:2)
  An ooze (D:1)
  A worm (D:2)
  3 dart slugs
  2 leopard geckos (D:2)
  3 orcs (D:3)
  2 giant cockroaches
  5 goblins
  6 hobgoblins
  4 jackals (D:2)
  5 kobolds
  2 quokkas (D:2)
  A ball python (D:2)
  3 bats
  4 frilled lizards
  4 rats
48 creatures vanquished.

Notes
Turn   | Place    | Note
-------+----------+-------------------------------------------
     0 | Abyss:1  | sepiko the Draconian Abyssal Knight began the quest for the Orb.
     0 | Abyss:1  | Reached XP level 1. HP: 19/19 MP: 2/2
    70 | D:1      | Escaped the Abyss
   296 | D:1      | Reached XP level 2. HP: 24/26 MP: 3/3
  1196 | D:2      | Found a faded altar of an unknown god.
  1209 | D:2      | Reached XP level 3. HP: 30/31 MP: 5/5
  1275 | D:2      | Reached ** piety under Lugonu
  1981 | D:2      | Reached XP level 4. HP: 38/38 MP: 6/6
  2071 | D:2      | Found a shattered altar of Ashenzari.
  2215 | D:3      | Noticed jdrake7766's ghost (amateur OgBe)
  2649 | D:2      | HP: 1/38 [worker ant (1)]
  2650 | D:2      | Succumbed to a worker ant's poison

Skill      XL: |  1  2  3 |
---------------+----------+-----
Invocations    | 3 |  3.9
Long Blades    | 3 |  3.3
Fighting       | |  3.2
Dodging        | |  2.1

Action                   |  1- 3 |  4- 6 || total
-------------------------+-------+-------++-------
Melee: Falchion          |   120 |    37 ||   157
       Tailslap          |    11 |    10 ||    21
 Stab: Sleeping          |     1 |       ||     1
  Eat: Chunk             |     4 |     2 ||     6
Armor: Skin              |    49 |     8 ||    57
Dodge: Dodged            |    89 |    31 ||   120
       Rpst.: Falchion   |    27 |    15 ||    42
